[ AOE2 MATCH · #506825909 ]
UnrankedSpanish vs Khmer
Player's team · WIN
Rival team · LOSS
[ REPLAY ANALYSIS · EXTRACTED FROM THE RECORDED GAME ]
Feudal
9:16
Castle
22:58
Imperial
34:09
| APM avg | 45.9 |
| APM peak | 113 |
| eAPM avg | 22.0 |
| Villagers / military | 64 / 15 |
Focus
⚔️ 32.8% · 🌾 67.2%
Conquistador ×5 · Petard ×2 · Mangonel ×2 · Spearman ×2 · Missionary ×2 · Trebuchet (Packed) ×2
Feudal
10:08
Castle
14:57
Imperial
—
| APM avg | 26.8 |
| APM peak | 54 |
| eAPM avg | 18.3 |
| Villagers / military | 92 / 15 |
Focus
⚔️ 20.1% · 🌾 79.9%
Battering Ram ×6 · Monk ×3 · Mangonel ×3 · Ballista Elephant ×3
Match map
Initial resources + every placement click. Lines = walls · curves = elevation contours. ◆ gold · ⬟ stone · ● berries · ✦ relic · ◌ wall gap
Your base· ✓ Closed at 22:58 · 0t walls · 4 gate(s)
TheMangledBadger's base· ✓ Closed at 14:57 · 21t walls · 3 gate(s)
Smoothed initial terrain · ◌ = detected wall gap · hover for details
Inputs per minute
— maxymczech - - TheMangledBadger
Build order — maxymczech
First 150 of 157 actions detected
| 0:00 | Create | Villager (Male) |
| 0:03 | Build | House |
| 0:05 | Build | House |
| 0:13 | Create | Villager (Male) ×3 |
| 1:27 | Create | Villager (Male) |
| 1:50 | Create | Villager (Male) |
| 2:06 | Create | Villager (Male) |
| 2:27 | Create | Villager (Male) |
| 2:27 | Create | Villager (Male) |
| 2:34 | Build | Lumber Camp |
| 2:52 | Create | Villager (Male) ×2 |
| 2:58 | Build | House |
| 3:00 | Build | House |
| 3:15 | Create | Villager (Male) |
| 3:55 | Create | Villager (Male) |
| 4:32 | Create | Villager (Male) |
| 5:17 | Create | Villager (Male) |
| 5:17 | Create | Villager (Male) |
| 5:32 | Create | Villager (Male) |
| 5:55 | Build | Mill |
| 6:16 | Research | Loom |
| 6:52 | Research | Feudal Age |
| 7:14 | Build | Mining Camp |
| 7:30 | Build | Palisade Gate |
| 7:33 | Build | Palisade Gate |
| 7:52 | Create | Villager (Male) |
| 7:59 | Build | House |
| 8:05 | Build | House |
| 8:12 | Build | House |
| 8:42 | Build | Mill |
| 8:43 | Create | Villager (Male) |
| 9:09 | Create | Villager (Male) |
| 9:16 | Age | Feudal Age |
| 9:27 | Research | Double-Bit Axe |
| 9:43 | Build | Watch Tower |
| 10:02 | Create | Villager (Male) |
| 10:03 | Create | Villager (Male) |
| 10:05 | Build | House |
| 10:17 | Create | Villager (Male) |
| 10:30 | Build | House |
| 11:30 | Create | Villager (Male) |
| 11:35 | Build | Market |
| 11:53 | Research | Town Watch |
| 11:56 | Build | Farm |
| 12:18 | Build | Watch Tower |
| 12:21 | Create | Villager (Male) |
| 12:21 | Create | Villager (Male) |
| 12:38 | Build | Mill |
| 13:00 | Create | Villager (Male) |
| 13:21 | Build | Watch Tower |
| 13:24 | Create | Villager (Male) |
| 13:29 | Build | Blacksmith |
| 13:52 | Create | Villager (Male) |
| 13:55 | Build | Farm |
| 14:05 | Research | Fletching |
| 14:16 | Build | Farm |
| 14:45 | Create | Villager (Male) |
| 14:45 | Create | Villager (Male) |
| 15:01 | Create | Villager (Male) |
| 15:01 | Create | Villager (Male) |
| 15:25 | Create | Villager (Male) |
| 15:40 | Create | Villager (Male) |
| 15:42 | Build | House |
| 15:43 | Build | House |
| 16:16 | Create | Villager (Male) |
| 16:18 | Build | Farm |
| 16:23 | Build | Farm |
| 16:24 | Build | Farm |
| 16:25 | Build | Farm |
| 16:26 | Build | Farm |
| 16:30 | Build | Mining Camp |
| 16:49 | Build | Barracks |
| 16:58 | Create | Villager (Male) |
| 17:10 | Build | Farm |
| 17:11 | Create | Villager (Male) |
| 17:43 | Create | Villager (Male) |
| 17:50 | Build | Stable |
| 17:55 | Create | Spearman |
| 18:09 | Create | Villager (Male) |
| 18:16 | Create | Villager (Male) |
| 18:28 | Build | Watch Tower |
| 18:29 | Create | Villager (Male) |
| 18:31 | Build | House |
| 18:32 | Build | House |
| 18:38 | Build | Farm |
| 18:52 | Create | Villager (Male) |
| 18:54 | Build | Farm |
| 19:35 | Create | Villager (Male) |
| 20:05 | Build | Lumber Camp |
| 20:17 | Research | Castle Age |
| 20:20 | Create | Spearman |
| 21:04 | Build | Farm |
| 21:06 | Build | Farm |
| 21:07 | Research | Horse Collar |
| 21:26 | Build | Lumber Camp |
| 21:34 | Research | Padded Archer Armor |
| 22:04 | Research | Gold Mining |
| 22:18 | Research | Bloodlines |
| 22:35 | Create | Villager (Male) |
| 22:35 | Create | Villager (Male) |
| 22:39 | Build | House |
| 22:42 | Build | House |
| 22:58 | Age | Castle Age |
| 23:02 | Research | Bodkin Arrow |
| 23:02 | Research | Bodkin Arrow |
| 23:19 | Build | University |
| 23:36 | Create | Villager (Male) |
| 23:36 | Create | Villager (Male) |
| 24:18 | Research | Guard Tower (upgrade) |
| 24:44 | Create | Villager (Male) |
| 24:45 | Create | Villager (Male) |
| 24:45 | Create | Villager (Male) |
| 25:37 | Create | Villager (Male) |
| 25:37 | Create | Villager (Male) |
| 25:40 | Build | Castle |
| 26:19 | Create | Villager (Male) |
| 26:20 | Create | Villager (Male) |
| 26:31 | Build | Castle |
| 26:35 | Build | Mill |
| 26:42 | Build | Lumber Camp |
| 26:49 | Create | Villager (Male) |
| 26:55 | Build | Farm |
| 27:09 | Research | Leather Archer Armor |
| 27:11 | Research | Husbandry |
| 27:30 | Create | Villager (Male) |
| 27:31 | Build | House |
| 27:32 | Build | House |
| 27:33 | Build | House |
| 27:35 | Create | Conquistador ×4 |
| 27:48 | Create | Villager (Male) |
| 28:14 | Research | Ballistics |
| 28:14 | Research | Ballistics |
| 28:18 | Build | Farm |
| 28:19 | Research | Wheelbarrow |
| 28:43 | Build | Monastery |
| 28:58 | Create | Villager (Male) |
| 28:58 | Create | Villager (Male) |
| 29:20 | Create | Villager (Male) |
| 29:45 | Build | Siege Workshop |
| 30:56 | Research | Imperial Age |
| 31:01 | Create | Conquistador |
| 31:07 | Create | Petard |
| 31:08 | Create | Petard |
| 31:21 | Create | Mangonel |
| 33:06 | Create | Villager (Male) |
| 33:07 | Create | Villager (Male) |
| 33:07 | Create | Villager (Male) |
| 33:17 | Create | Missionary |
| 33:20 | Create | Missionary |
| 33:21 | Research | Devotion |
Build order — TheMangledBadger
First 150 of 186 actions detected
| 0:00 | Create | Villager (Male) |
| 0:01 | Create | Villager (Male) |
| 0:02 | Build | House |
| 0:03 | Build | House |
| 0:12 | Create | Villager (Male) |
| 0:12 | Create | Villager (Male) |
| 1:23 | Create | Villager (Male) |
| 1:43 | Build | Lumber Camp |
| 2:00 | Create | Villager (Male) |
| 2:10 | Create | Villager (Male) |
| 2:46 | Create | Villager (Male) |
| 2:57 | Create | Villager (Male) |
| 3:39 | Build | House |
| 3:43 | Create | Villager (Male) |
| 3:44 | Create | Villager (Male) |
| 4:06 | Create | Villager (Male) |
| 4:43 | Create | Villager (Male) |
| 4:43 | Create | Villager (Male) |
| 4:55 | Build | House |
| 5:45 | Create | Villager (Male) |
| 5:45 | Create | Villager (Male) |
| 6:32 | Create | Villager (Male) |
| 7:02 | Create | Villager (Male) |
| 7:10 | Build | Mill |
| 7:22 | Create | Villager (Male) |
| 7:50 | Build | Mining Camp |
| 7:58 | Research | Feudal Age |
| 8:53 | Build | Farm |
| 9:09 | Build | Farm |
| 9:10 | Build | Farm |
| 9:12 | Build | Farm |
| 9:43 | Create | Villager (Male) |
| 10:00 | Build | Palisade Wall |
| 10:08 | Age | Feudal Age |
| 10:08 | Build | Palisade Wall |
| 10:14 | Create | Villager (Male) |
| 10:21 | Build | Palisade Wall |
| 10:27 | Build | Mining Camp |
| 10:57 | Build | Farm |
| 11:12 | Create | Villager (Male) |
| 11:23 | Build | Farm |
| 11:27 | Create | Villager (Male) |
| 11:33 | Build | House |
| 11:39 | Research | Loom |
| 11:49 | Build | Farm |
| 12:17 | Research | Castle Age |
| 12:31 | Build | Watch Tower |
| 12:40 | Create | Villager (Male) |
| 13:05 | Build | Blacksmith |
| 13:06 | Create | Villager (Male) |
| 13:19 | Create | Villager (Male) |
| 13:23 | Build | House |
| 13:38 | Research | Double-Bit Axe |
| 14:08 | Create | Villager (Male) |
| 14:15 | Create | Villager (Male) |
| 14:25 | Build | Watch Tower |
| 14:55 | Create | Villager (Male) |
| 14:57 | Age | Castle Age |
| 15:05 | Build | Siege Workshop |
| 15:16 | Create | Villager (Male) |
| 15:22 | Create | Villager (Male) |
| 15:38 | Build | Mining Camp |
| 16:27 | Create | Villager (Male) |
| 16:32 | Create | Villager (Male) |
| 16:59 | Create | Villager (Male) |
| 17:07 | Create | Battering Ram |
| 17:17 | Create | Villager (Male) |
| 17:43 | Create | Villager (Male) |
| 18:32 | Build | Town Center |
| 18:55 | Create | Villager (Male) |
| 19:50 | Build | House |
| 19:56 | Create | Villager (Male) |
| 20:28 | Build | Farm |
| 20:30 | Create | Villager (Male) |
| 20:46 | Build | Farm |
| 20:59 | Build | Farm |
| 21:00 | Build | Farm |
| 21:14 | Create | Villager (Male) |
| 21:14 | Create | Villager (Male) |
| 21:15 | Create | Villager (Male) |
| 21:19 | Build | Lumber Camp |
| 21:41 | Build | Farm |
| 21:45 | Build | Farm |
| 21:50 | Create | Villager (Male) |
| 21:58 | Build | Farm |
| 22:05 | Create | Villager (Male) |
| 22:09 | Create | Mangonel |
| 22:22 | Create | Villager (Male) |
| 22:26 | Build | House |
| 22:28 | Build | House |
| 22:40 | Create | Villager (Male) |
| 22:44 | Build | Farm |
| 22:45 | Build | Farm |
| 23:05 | Create | Villager (Male) |
| 23:08 | Build | House |
| 23:19 | Create | Villager (Male) |
| 23:21 | Create | Mangonel |
| 23:30 | Create | Villager (Male) |
| 23:40 | Build | Farm |
| 23:41 | Build | Farm |
| 23:41 | Build | Farm |
| 24:00 | Create | Villager (Male) |
| 24:05 | Create | Villager (Male) |
| 24:17 | Create | Villager (Male) |
| 24:23 | Build | Town Center |
| 24:24 | Create | Villager (Male) |
| 24:32 | Create | Villager (Male) |
| 24:43 | Create | Villager (Male) |
| 24:52 | Create | Villager (Male) |
| 24:54 | Create | Mangonel |
| 25:02 | Create | Villager (Male) |
| 25:02 | Create | Villager (Male) |
| 25:05 | Build | Farm |
| 25:14 | Create | Villager (Male) |
| 25:32 | Create | Villager (Male) |
| 25:39 | Create | Villager (Male) |
| 25:47 | Build | Castle |
| 26:07 | Create | Villager (Male) |
| 26:08 | Create | Villager (Male) |
| 26:12 | Build | Farm |
| 27:00 | Build | Farm |
| 27:07 | Create | Villager (Male) |
| 27:10 | Build | Farm |
| 27:13 | Build | Farm |
| 27:17 | Create | Villager (Male) |
| 27:23 | Create | Villager (Male) |
| 27:23 | Create | Villager (Male) |
| 27:28 | Build | Farm |
| 27:31 | Research | Fletching |
| 27:34 | Build | Farm |
| 27:49 | Create | Villager (Male) |
| 27:52 | Build | Farm |
| 27:54 | Build | Farm |
| 27:55 | Build | Farm |
| 27:57 | Build | Farm |
| 28:01 | Build | Farm |
| 28:03 | Research | Bow Saw |
| 28:19 | Build | Farm |
| 28:20 | Build | Farm |
| 28:21 | Build | Farm |
| 28:29 | Create | Villager (Male) |
| 28:30 | Create | Villager (Male) |
| 28:38 | Create | Villager (Male) |
| 28:43 | Research | Wheelbarrow |
| 28:59 | Create | Battering Ram |
| 29:01 | Create | Villager (Male) |
| 29:08 | Build | University |
| 29:09 | Create | Villager (Male) |
| 29:13 | Create | Villager (Male) |
| 29:15 | Create | Villager (Male) |
Match timeline
| 9:16 | maxymczech · age_up feudal |
| 10:00 | TheMangledBadger · wall_segment Palisade Wall x7 |
| 10:08 | TheMangledBadger · age_up feudal |
| 10:08 | TheMangledBadger · wall_segment Palisade Wall x8 |
| 10:21 | TheMangledBadger · wall_segment Palisade Wall x6 |
| 14:57 | TheMangledBadger · age_up castle |
| 15:05 | TheMangledBadger · first_building Siege Workshop |
| 16:49 | maxymczech · first_building Barracks |
| 17:50 | maxymczech · first_building Stable |
| 19:57 | maxymczech · first_market_sell 100 wood |
| 19:58 | maxymczech · first_market_buy 100 food |
| 22:58 | maxymczech · age_up castle |
| 25:40 | maxymczech · first_building Castle |
| 25:47 | TheMangledBadger · first_building Castle |
| 28:43 | maxymczech · first_building Monastery |
| 29:45 | maxymczech · first_building Siege Workshop |
| 30:09 | TheMangledBadger · first_building Monastery |
| 31:07 | TheMangledBadger · first_building Stable |
| 34:09 | maxymczech · age_up imperial |
| 34:41 | TheMangledBadger · resign |
[ AI ANALYSIS · 1 CREDIT ]
What really happened in this match?
Wolo.gg analyzes every decision: build order, eco, micro, common mistakes by bracket. Personalized analysis on WhatsApp or Discord in 30 seconds.
Civ guide
Spanish
Perfil
maxymczech